Cogmind - Beta 14 @@@ ROGUE MODE // 2024.09.06 @ 22:58:07 Player: Syanka Result: Self-destructed Performance ------------- Evolutions (3) 1500 Regions Visited (9) 1800 Robots Destroyed (170) 850 Value Destroyed (4412) 4412 Prototype IDs (6) 120 Alien Tech Used (0) 0 Bonus (136) 136 TOTAL SCORE: 8818 Bonus ------- High Alert Combat Kills 136 Cogmind --------- Core Integrity 422/700 Matter 54/300 Energy 190/275 System Corruption 2% Temperature Cool (0) Movement Treading (240) Ox1 Location -7/Waste Parts ------- > --- POWER (1) -------- Deuterium Engine > --- PROPULSION (4) --- Light Treads Backup Propulsion III Backup Propulsion III > --- UTILITY (6) ------ Backup Plating III Backup Plating III > --- WEAPON (2) ------- Heavy Beamcaster Heavy Beamcaster > --- INVENTORY (5) ---- Structural Scanner Seismic Detector Transmission Jammer Improved EM Pulse Cannon Coil Gun Peak State ------------ > --- POWER ------------ Light Angular Momentum Engine > --- PROPULSION ------- Light Treads Armored Treads Medium Treads Medium Treads > --- UTILITY ---------- Cooling System Huge Storage Unit Core Analyzer Transmission Jammer Improved Medium Armor Plating Shield Generator > --- WEAPON ----------- Improved Medium Laser Ion Cannon > --- INVENTORY -------- Deuterium Engine Improved Deuterium Engine Improved Deuterium Engine Light Treads Light Treads Light Treads Light Treads Light Treads Light Treads Improved Heat Sink Structural Scanner Seismic Detector Core Analyzer Hardened Medium Armor Plating Improved Medium Armor Plating Authchip [Weapon] Improved EM Pulse Cannon Improved EM Pulse Cannon Improved EM Pulse Cannon Particle Cannon Missile Launcher Missile Launcher Mining Laser Plasma Cutter Heavy Flail [Rating: 46] Favorites ----------- Power Nuclear Core Engine Deuterium Engine Power Core Nuclear Core Propulsion Light Treads Treads Light Treads Wheel Armored Wheel Hover Unit Backup Propulsion III Utility Seismic Detector Device Seismic Detector Storage Huge Storage Unit Processor Core Analyzer Hackware Hacking Suite Protection Hardened Light Armor Plating Weapon Advanced Beam Cannon Energy Gun Beamcaster Energy Cannon Advanced Beam Cannon Ballistic Gun Light Assault Rifle Ballistic Cannon Light Cannon Launcher Missile Launcher Special Weapon Mining Laser Impact Weapon Heavy Flail Build | -11 -10 -10 -9 -9 -9 -8 -8 -7 -7 ------- Run | Yrd Mat Min Mat Min Exi Min Mat Fac Was Slots Evolved 6 | . . . 2 . . . 2 2 . Power . | . . . . . . . . . . Propulsion 2 | . . . . . . . 2 . . Utility 4 | . . . 2 . . . . 2 . Weapon . | . . . . . . . . . . Parts Attached 262 | 7 25 1 83 28 . 9 69 22 18 Power 15 | 1 1 . 7 . . . 2 2 2 Engine 13 | 1 1 . 5 . . . 2 2 2 Core 2 | . . . 2 . . . . . . Reactor . | . . . . . . . . . . Propulsion 111 | 2 17 . 28 18 . 6 34 4 2 Treads 67 | . 9 . 16 10 . 2 24 4 2 Leg . | . . . . . . . . . . Wheel 44 | 2 8 . 12 8 . 4 10 . . Hover . | . . . . . . . . . . Flight . | . . . . . . . . . . Utility 64 | 2 3 . 24 5 . 3 14 11 2 Device 37 | 1 1 . 14 4 . 2 11 4 . Storage 6 | 1 2 . 2 . . . 1 . . Processor 2 | . . . . . . . . 1 1 Hackware 4 | . . . 1 . . . . 3 . Protection 15 | . . . 7 1 . 1 2 3 1 Artifact . | . . . . . . . . . . Weapon 72 | 2 4 1 24 5 . . 19 5 12 Energy Gun 8 | . . . 1 2 . . 3 . 2 Energy Cannon 25 | . . . 12 1 . . 9 3 . Ballistic Gun 13 | 2 1 . . . . . 1 . 9 Ballistic Cannon 6 | . 2 1 3 . . . . . . Launcher 9 | . . . 4 2 . . 1 1 1 Special Weapon 3 | . 1 . 2 . . . . . . Impact Weapon 8 | . . . 2 . . . 5 1 . Slashing Weapon . | . . . . . . . . . . Piercing Weapon . | . . . . . . . . . . Special Melee Weapon . | . . . . . . . . . . Unidentified Prototypes 5 | . . . 2 . . . 3 . . Parts Lost 17 | . 1 . 2 . . . 6 1 7 Power 4 | . 1 . 1 . . . . . 2 Propulsion 3 | . . . . . . . 2 . 1 Utility 7 | . . . 1 . . . 3 . 3 Weapon 3 | . . . . . . . 1 1 1 Highest Loss Streak 7 | . 1 . 1 . . . 2 1 7 To Critical Strikes . | . . . . . . . . . . Average Slot Usage (%) 96 | . 99 100 99 100 100 100 99 100 27 Engine 7 | . 14 14 10 . . . 8 7 2 Core 2 | . . . . 11 11 11 . . . Treads 20 | . 14 28 16 15 22 2 33 30 2 Wheel 5 | . 13 . 5 6 . 19 2 . . Device 17 | . 14 14 14 22 22 24 17 24 1 Storage 10 | . 14 14 11 11 11 11 9 7 . Protection 9 | . . . 18 10 11 8 9 5 5 Energy Gun 4 | . . . . 8 11 11 5 7 5 Energy Cannon 9 | . . . 16 12 11 11 11 2 . Ballistic Gun 2 | . 16 . . . . . . . 1 Ballistic Cannon 4 | . 10 28 4 . . . . . . Peak Build Rating 46 | 7 8 9 24 26 23 25 30 46 40 Average Rating 20 | 5 7 8 17 23 23 24 25 39 13 On Entrance 18 | . 7 8 9 24 23 23 25 25 40 Naked Turns 270 | . . . . . . . . . 270 Heaviest Build 111 | 13 30 30 105 105 104 104 109 111 108 Greatest Support 96 | 32 40 40 40 40 40 40 80 96 80 Greatest Overweight (x) 4 | . 1 . 4 4 2 4 4 1 1 Average Overweight (x) 1 | . . . 2 3 2 3 1 1 . Largest Inventory Capacity 25 | 8 15 15 25 25 25 25 25 25 25 Average Capacity 20 | 7 14 15 20 25 25 25 25 25 7 Most Carried 25 | 8 15 15 25 25 25 25 25 25 25 Average Carried 20 | 5 13 14 19 25 25 24 24 24 6 Final Capacity 25 | 8 15 15 25 25 25 25 25 25 5 Final Carried 25 | 8 15 15 25 25 25 25 25 25 5 Class Distribution -------------------- 71% | Mutant 23% | Scavenger-Mutant 3% | Hacker-Mutant Dominant Class ---------------- Mutant | -10/Materials Mutant | -10/Mines Mutant | -9/Materials Mutant | -9/Mines Mutant | -9/Exiles Mutant | -8/Mines Scavenger-Mutant | -8/Materials Scavenger-Mutant | -7/Factory Mutant | -7/Waste Resources | -11 -10 -10 -9 -9 -9 -8 -8 -7 -7 ----------- Run | Yrd Mat Min Mat Min Exi Min Mat Fac Was Matter Collected 3637 | 373 530 63 1169 319 . 90 702 245 146 Remotely . | . . . . . . . . . . Salvage Created 6530 | 303 587 . 1563 276 . 264 1853 872 812 Parts 341 | 23 42 . 97 27 . 10 86 47 9 Haulers Intercepted 12 | . 2 . 5 . . . 5 . . Recyclers Shooed 3 | . . . 1 . . . 2 . . Parts Field Recycled . | . . . . . . . . . . Retrieved Matter . | . . . . . . . . . . Parts Self-Destructed . | . . . . . . . . . . Prevented . | . . . . . . . . . . Kills | -11 -10 -10 -9 -9 -9 -8 -8 -7 -7 ------- Run | Yrd Mat Min Mat Min Exi Min Mat Fac Was Combat Hostiles Destroyed 110 | . 15 . 28 15 . 3 26 19 4 Guns 24 | . 13 . . . . 1 1 6 3 Cannons 58 | . 2 . 19 7 . 1 21 8 . AOE 26 | . . . 8 8 . . 4 5 1 Classes Destroyed 15 | 3 5 . 3 1 . . 1 1 1 Worker 11 | 2 . . 6 1 . . 1 1 . Builder 3 | . . . 1 . . . . 2 . Tunneler 8 | 7 . . . . . . . 1 . Hauler 12 | . 2 . 5 . . . 5 . . Recycler 15 | 1 2 . 5 . . 1 5 1 . Operator 6 | . 2 . . . . . 3 1 . Watcher 8 | . 1 . 4 . . . 2 1 . Swarmer 30 | . 9 . 6 8 . . 4 3 . Grunt 44 | . 6 . 9 2 . 3 12 12 . Duelist 5 | . . . 4 . . . . 1 . Sentry 19 | . . . 9 2 . . 8 . . Hunter 4 | . . . . . . . 2 2 . Programmer 1 | . . . . . . . . 1 . Compactor 4 | . . . . . . . . . 4 Assembled 3 | . . . . 3 . . . . . Best Kill Streak 10 | 5 4 . 10 4 . 2 5 10 1 Combat Bots Only 6 | . 4 . 6 4 . 2 4 5 1 Max Kills in Single Turn 5 | 1 2 . 4 4 . 1 4 5 1 Gunslinging 1 | . 1 . . . . . . . . Exploded 4 | . . . 2 4 . . 3 3 1 Melee . | . . . . . . . . . . Uniques/NPCs Destroyed . | . . . . . . . . . . Combat | -11 -10 -10 -9 -9 -9 -8 -8 -7 -7 -------- Run | Yrd Mat Min Mat Min Exi Min Mat Fac Was Hostile Shots Fired 513 | . 95 . 117 23 . 10 151 110 7 Missed 125 | . 28 . 29 3 . 2 38 25 . Damage Taken 5633 | . 636 . 1214 233 . 129 1771 1278 372 Core 721 | . 85 . 135 15 . . 208 80 198 Absorbed by Shields 80 | . . . . . . . . 66 14 Redirected to Shielding 39 | . . . 39 . . . . . . Regen/Repaired (Parts) 441 | . 125 . 60 . . . 256 . . Core Remaining (%) 72 | 100 . 66 . . . 62 62 . . Volleys Fired 439 | 30 83 . 99 12 . 10 108 45 52 Largest 2 | 2 2 . 2 2 . 2 2 2 2 Hottest 143 | 40 100 . 136 143 . 143 143 124 124 Shots Fired 803 | 60 165 . 184 21 . 20 211 83 59 Gun 300 | 60 106 . . 4 . 10 33 37 50 Cannon 478 | . 58 . 170 14 . 10 176 43 7 Launcher 17 | . . . 7 3 . . 2 3 2 Special 8 | . 1 . 7 . . . . . . Kinetic 325 | 60 164 . 60 . . . . . 41 Thermal 461 | . 1 . 117 18 . 20 209 80 16 Explosive 17 | . . . 7 3 . . 2 3 2 Electromagnetic . | . . . . . . . . . . Robot Hit Streak 19 | 7 7 . 11 5 . 8 14 19 8 Robot Miss Streak 8 | 3 8 . 2 1 . 2 3 5 2 Penetration Max 1 | . . . . . . . . . 1 Secondary Targets 3 | . 3 . . . . . . . . Max Gunslinging Chain 1 | . 1 . . . . . . . . Shots Hit Robots 478 | 38 83 . 102 13 . 13 128 56 45 Core Hits 253 | 19 35 1 61 15 . 7 62 41 12 Critical Kills 3 | . . . 1 . . 1 . . 1 Critical Parts Destroyed . | . . . . . . . . . . Critical Strikes 16 | . 4 . 2 . . 3 1 3 3 Burn 6 | . . . . . . 2 1 3 . Meltdown 2 | . . . 1 . . 1 . . . Destroy 3 | . . . . . . . . . 3 Blast 5 | . 4 . 1 . . . . . . Melee Attacks 11 | . . . 2 . . . 7 2 . Impact 11 | . . . 2 . . . 7 2 . Slashing . | . . . . . . . . . . Piercing . | . . . . . . . . . . Sneak Attacks . | . . . . . . . . . . Combat Hostiles . | . . . . . . . . . . Follow-up Attacks . | . . . . . . . . . . Damage Inflicted 12746 | 313 948 1 3292 716 . 272 3237 2422 1545 Guns 2859 | 313 486 . . 21 . 149 461 486 943 Cannons 6281 | . 462 . 2077 251 . 123 2519 727 122 Explosions 3500 | . . . 1208 442 . . 241 1129 480 Melee 68 | . . . . . . . . 68 . Ramming 38 | . . 1 7 2 . . 16 12 . Kinetic 2827 | 313 948 . 739 . . . . . 827 Thermal 6604 | . . . 1338 319 . 272 2980 1457 238 Explosive 3209 | . . . 1208 395 . . 241 885 480 Electromagnetic . | . . . . . . . . . . Impact 68 | . . . . . . . . 68 . Slashing . | . . . . . . . . . . Piercing . | . . . . . . . . . . Highest Corruption 2 | . . . . . . . . 2 2 Average Corruption 1 | . . . . . . . . 1 2 Corruption Purged . | . . . . . . . . . . Corruption Blocked . | . . . . . . . . . . Effects 10 | . . . . . . . . 2 8 Message Errors 2 | . . . . . . . . 1 1 Matter Fused 4 | . . . . . . . . . 4 Heat Flow Errors 2 | . . . . . . . . . 2 Data Loss (minor) 1 | . . . . . . . . . 1 Misfires 1 | . . . . . . . . 1 . Overload Shots . | . . . . . . . . . . Overflow Damage 315 | . 7 . 39 17 . . 41 187 24 Projectiles 70 | . 7 . 22 . . . 41 . . Explosions 227 | . . . 17 17 . . . 169 24 Melee 18 | . . . . . . . . 18 . Knockbacks 13 | . 6 . 5 . . . . 2 . Impact 2 | . . . . . . . . 2 . Kinetic 11 | . 6 . 5 . . . . . . Secondary . | . . . . . . . . . . Self-Inflicted Damage 193 | . . . 96 12 . . . . 85 Shots 5 | . . . 2 1 . . . . 2 Rammed 7 | . . 1 2 . . . 2 2 . Targets Rammed 9 | . . 1 2 1 . . 3 2 . Kicked . | . . . . . . . . . . Crushed 2 | . . . . 1 . . 1 . . Highest Temperature 192 | . 48 . 192 54 . 54 99 96 192 Average Temperature 40 | . 11 . 54 29 . 29 38 26 88 Received Heat Transfer 2159 | . 189 . 426 89 . 72 855 528 . Siege Activations . | . . . . . . . . . . Robots Corrupted . | . . . . . . . . . . Combat Hostiles . | . . . . . . . . . . Parts Fried . | . . . . . . . . . . Impact Corruptions 1 | . . . . . . . . 1 . Robots Melted 2 | . . . 1 . . 1 . . . Combat Hostiles 2 | . . . 1 . . 1 . . . Parts Melted 29 | . . . 8 1 . 2 11 7 . Heat Transferred 11546 | . . . 2331 531 . 629 5143 2431 481 Parts Sabotaged . | . . . . . . . . . . Parts Stolen . | . . . . . . . . . . Parts Stripped . | . . . . . . . . . . Power Chain Reactions . | . . . . . . . . . . Alert | -11 -10 -10 -9 -9 -9 -8 -8 -7 -7 ------- Run | Yrd Mat Min Mat Min Exi Min Mat Fac Was Peak Influence 597 | 50 322 102 597 437 . 70 378 477 166 Initial 232 | . 32 102 . 232 . . 1 156 166 Average 194 | 27 156 52 233 270 . 27 256 204 72 Maximum Alert Level 2 | . 1 . 2 2 . . 1 2 . Low Security (%) 53 | 100 49 100 56 23 . 100 25 63 100 Level 1 37 | . 50 . 20 67 . . 74 14 . Level 2 8 | . . . 22 9 . . . 21 . Level 3 . | . . . . . . . . . . Level 4 . | . . . . . . . . . . Level 5 . | . . . . . . . . . . High Security . | . . . . . . . . . . Max Security . | . . . . . . . . . . Squads Dispatched 13 | . 3 . 2 . . . 3 5 . Investigation 3 | . 1 . 1 . . . . 1 . Extermination 2 | . . . . . . . . 2 . Reinforcement 6 | . 2 . . . . . 3 1 . Assault 1 | . . . 1 . . . . . . Garrison 1 | . . . . . . . . 1 . Intercept . | . . . . . . . . . . Searches Triggered . | . . . . . . . . . . Construction Impeded . | . . . . . . . . . . Haulers Reinforced . | . . . . . . . . . . Active Scanning Responses . | . . . . . . . . . . Cargo Convoy Interrupts . | . . . . . . . . . . Stealth | -11 -10 -10 -9 -9 -9 -8 -8 -7 -7 --------- Run | Yrd Mat Min Mat Min Exi Min Mat Fac Was Distress Signals 13 | . 3 . 4 . . . 4 2 . Communications Jammed 30 | . . . . . . . . 30 . Distress Signals 28 | . . . . . . . . 28 . Times Spotted 181 | . 38 . 48 15 . 3 46 25 6 Peak Tracking Total 8 | . 5 . 8 4 . 2 7 6 5 Tactical Retreats 11 | . 7 . 2 . . . . 2 . Traps | -11 -10 -10 -9 -9 -9 -8 -8 -7 -7 ------- Run | Yrd Mat Min Mat Min Exi Min Mat Fac Was Traps Triggered 5 | . . . 1 . . . 1 3 . Indirectly . | . . . . . . . . . . Trap Hack Attempts . | . . . . . . . . . . Triggered . | . . . . . . . . . . Disarmed . | . . . . . . . . . . Reprogrammed . | . . . . . . . . . . Reused . | . . . . . . . . . . Traps Extracted . | . . . . . . . . . . Installed . | . . . . . . . . . . Triggered . | . . . . . . . . . . Most Traps Carried 3 | . . . . 3 3 3 3 . . Machines | -11 -10 -10 -9 -9 -9 -8 -8 -7 -7 ---------- Run | Yrd Mat Min Mat Min Exi Min Mat Fac Was Machines Disabled 18 | . 1 . 2 1 . . 3 11 . Max in Single Turn 5 | . 1 . 1 1 . . 1 5 . Machines Repaired . | . . . . . . . . . . Machines Dismantled . | . . . . . . . . . . Machines Sabotaged . | . . . . . . . . . . Overloaded Fab Kills . | . . . . . . . . . . Hacking | -11 -10 -10 -9 -9 -9 -8 -8 -7 -7 --------- Run | Yrd Mat Min Mat Min Exi Min Mat Fac Was Machines Accessed 38 | . 5 . 14 . 1 . 9 9 . Terminals 29 | . 4 . 12 . . . 7 6 . Fabricators 1 | . . . . . . . . 1 . Repair Stations 6 | . 1 . 2 . . . 2 1 . Recycling Units . | . . . . . . . . . . Scanalyzers . | . . . . . . . . . . Garrison Access 1 | . . . . . . . . 1 . Total Hacks 96 | . 13 . 33 . 1 . 24 25 . Successful 60 | . 8 . 20 . 1 . 16 15 . Failed 36 | . 5 . 13 . . . 8 10 . Catastrophic 9 | . 2 . 4 . . . 2 1 . Database Lockouts . | . . . . . . . . . . Manual 67 | . 11 . 28 . . . 14 14 . Terminals 75 | . 11 . 27 . . . 18 19 . Fabricators 4 | . . . . . . . . 4 . Repair Stations 15 | . 2 . 6 . . . 6 1 . Recycling Units . | . . . . . . . . . . Scanalyzers . | . . . . . . . . . . Garrison Access 1 | . . . . . . . . 1 . Terminal Hacks 22 | . . . 8 . 1 . 2 11 . Record 1 | . . . . . 1 . . . . Part Schematic 4 | . . . 1 . . . . 3 . Robot Analysis 8 | . . . 4 . . . 1 3 . Prototype ID Bank 1 | . . . 1 . . . . . . Branch Access Points 1 | . . . . . . . . 1 . Machine Index 1 | . . . . . . . . 1 . Alert Level 1 | . . . . . . . 1 . . Patrol Status 1 | . . . 1 . . . . . . Transport Status 1 | . . . . . . . . 1 . Recall Extermination 1 | . . . . . . . . 1 . Hauler Manifests 2 | . . . 1 . . . . 1 . Fabricator Hacks 2 | . . . . . . . . 2 . Network Status 1 | . . . . . . . . 1 . Load Schematic 1 | . . . . . . . . 1 . Repair Station Hacks 12 | . 2 . 4 . . . 6 . . Scan Component 7 | . 1 . 3 . . . 3 . . Repair 5 | . 1 . 1 . . . 3 . . Recycling Unit Hacks . | . . . . . . . . . . Scanalyzer . | . . . . . . . . . . Garrison Access Hacks . | . . . . . . . . . . Unauthorized Hacks 24 | . 6 . 8 . . . 8 2 . Terminals 23 | . 6 . 8 . . . 8 1 . Assimilate 3 | . . . 1 . . . 2 . . Botnet 4 | . 2 . 1 . . . . 1 . Operators 2 | . . . 1 . . . 1 . . Skim 14 | . 4 . 5 . . . 5 . . Fabricators 1 | . . . . . . . . 1 . Recompile 1 | . . . . . . . . 1 . Repair Stations . | . . . . . . . . . . Recycling Units . | . . . . . . . . . . Scanalyzers . | . . . . . . . . . . Garrison Access . | . . . . . . . . . . Data Cores Recovered 1 | . . . . . . . 1 . . Used . | . . . . . . . . . . Hacking Detections 29 | . 4 . 11 . . . 7 7 . Full Trace Events 2 | . 1 . . . . . 1 . . Feedback Events . | . . . . . . . . . . Feedback Blocked . | . . . . . . . . . . Robot Schematics Acquired . | . . . . . . . . . . Robots Built . | . . . . . . . . . . Authchips . | . . . . . . . . . . Time . | . . . . . . . . . . Total Robot Build Rating . | . . . . . . . . . . Part Schematics Acquired 4 | . . . 1 . . . . 3 . Parts Built . | . . . . . . . . . . Authchips . | . . . . . . . . . . Time . | . . . . . . . . . . Total Part Build Rating . | . . . . . . . . . . Parts Repaired 5 | . 1 . 1 . . . 3 . . Time 155 | . 26 . 51 . . . 78 . . Parts Recycled . | . . . . . . . . . . Recycled Matter . | . . . . . . . . . . Retrieved Matter . | . . . . . . . . . . Retrieved Components . | . . . . . . . . . . Parts Scanalyzed . | . . . . . . . . . . Part Schematics Acquired . | . . . . . . . . . . Parts Damaged . | . . . . . . . . . . Bothacking | -11 -10 -10 -9 -9 -9 -8 -8 -7 -7 ------------ Run | Yrd Mat Min Mat Min Exi Min Mat Fac Was Used RIF Installer . | . . . . . . . . . . Robots Hacked . | . . . . . . . . . . Non-combat . | . . . . . . . . . . Combat . | . . . . . . . . . . Robot Hacks Applied . | . . . . . . . . . . Relay Couplers Released . | . . . . . . . . . . Fabnet Peak Effective % . | . . . . . . . . . . Robots Rewired . | . . . . . . . . . . Allies Hacked . | . . . . . . . . . . Hacks Repelled . | . . . . . . . . . . Allies | -11 -10 -10 -9 -9 -9 -8 -8 -7 -7 -------- Run | Yrd Mat Min Mat Min Exi Min Mat Fac Was Total Allies 19 | . . . 1 . . . . . 18 Largest Group 18 | . . . 1 . . . . . 18 Highest-Rated Group 444 | . . . 10 . . . . . 444 Highest-Rated Ally 35 | . . . 10 . . . . . 35 Total Orders . | . . . . . . . . . . Ally Attacks . | . . . . . . . . . . Total Damage . | . . . . . . . . . . Kills . | . . . . . . . . . . Allies Corrupted . | . . . . . . . . . . Allies Melted . | . . . . . . . . . . Intel | -11 -10 -10 -9 -9 -9 -8 -8 -7 -7 ------- Run | Yrd Mat Min Mat Min Exi Min Mat Fac Was Robot Analysis Total 8 | . . . 4 . . . 1 3 . Derelict Logs Recovered 1 | . . . . 1 . . . . . Drone Launches . | . . . . . . . . . . Drone Recoveries . | . . . . . . . . . . Exploration | -11 -10 -10 -9 -9 -9 -8 -8 -7 -7 ------------- Run | Yrd Mat Min Mat Min Exi Min Mat Fac Was Turns Passed 13842 | 250 1896 779 3124 1569 724 722 2779 1346 653 Spaces Moved 5678 | 92 907 468 1123 423 227 424 916 463 635 Core 507 | 2 . . . . . . . . 505 Treads 3333 | . 471 468 713 164 227 12 794 463 21 Legs . | . . . . . . . . . . Wheels 1729 | 90 436 . 410 259 . 412 122 . . Hover 109 | . . . . . . . . . 109 Flight . | . . . . . . . . . . Fastest Speed 50 | 50 95 160 95 150 320 150 110 242 50 Average Speed 181 | 98 131 160 213 215 320 154 225 242 61 Slowest Speed 320 | 100 240 160 320 320 320 320 242 242 242 Overloaded Moves . | . . . . . . . . . . Propulsion Burnouts . | . . . . . . . . . . Robots Hopped . | . . . . . . . . . . Cave-ins Triggered . | . . . . . . . . . . Exploration Rate (%) 69 | 4 94 90 91 67 67 82 86 16 93 Regions Visited 9 Branch Regions 4 Pre-discovered Areas 3 | . . . . . 1 . 2 . . Known Exits Taken 2 | . . . . . . 1 1 . . Unknown Exits Taken 6 | 1 1 1 1 1 1 . . . . Scrap Searched 4 | . . 1 . 2 . 1 . . . Spaces Dug 17 | . 1 . 9 . . . 7 . . Terrain Destroyed 214 | . 1 . 86 37 . . 32 37 21 Melee 9 | . . . 2 . . . 7 . . Projectile 22 | . 1 . 12 . . . 8 . 1 AOE 183 | . . . 72 37 . . 17 37 20 Terrain Rammed . | . . . . . . . . . . Walls Destroyed . | . . . . . . . . . . Machines Disabled . | . . . . . . . . . . Actions | -11 -10 -10 -9 -9 -9 -8 -8 -7 -7 --------- Run | Yrd Mat Min Mat Min Exi Min Mat Fac Was Total 8395 | 200 1461 499 1649 1048 226 466 1403 600 843 Wait 1755 | 62 423 25 247 578 . 22 229 47 122 Move 5670 | 91 906 467 1122 422 226 423 915 463 635 Hop . | . . . . . . . . . . Pick Up 109 | 9 13 2 42 3 . 1 30 9 . Fast Attach 33 | 7 2 . 7 1 . . 9 1 6 Attach 19 | . 1 . 3 . . . 6 3 6 Detach 10 | . . . . . . . . 1 9 Swap 211 | . 22 1 73 27 . 9 55 18 6 Drop 129 | 1 11 3 52 4 . 1 41 9 7 Fire 439 | 30 83 . 99 12 . 10 108 45 52 Melee 11 | . . . 2 . . . 7 2 . Ram . | . . . . . . . . . . Kick . | . . . . . . . . . . Crush 9 | . . 1 2 1 . . 3 2 . Escape Stasis . | . . . . . . . . . . Rewire . | . . . . . . . . . . Trap . | . . . . . . . . . . Miscellaneous . | . . . . . . . . . . Route ------- -11/Scrapyard -10/Materials (discovered 3 exits: *Mat x2 / [*Min]) -10/Mines (discovered 2 exits: *Mat / [*Sub]) -9/Materials (discovered 6 exits: *Mat x3 / [*Min x2] / *Sto) -9/Mines (discovered 3 exits: *Mat x2 / *Exi) -9/Exiles -8/Mines -8/Materials (discovered 3 exits: *Fac x3) -7/Factory (discovered 6 exits: Fac x4 / *Low x2) -7/Waste (discovered 1 exit: [*Fac]) History --------- Turn | Location | Event 18 | -11/Scrapyard | Discovered new exit (range 16) 251 | -11/Scrapyard | Entered Materials 324 | -10/Materials | Build established: Mutant 541 | -10/Materials | Discovered new exit (range 12) 1152 | -10/Materials | Discovered new exit (range 13) 1359 | -10/Materials | Discovered new exit (range 12) 1405 | -10/Materials | Repaired Lgt. Treads 2147 | -10/Materials | Entered Mines 2291 | -10/Mines | Discovered new exit (range 12) 2393 | -10/Mines | A weapon hastily lodged in a ceiling crevice suddenly fell to the ground 2900 | -10/Mines | Discovered new exit (range 12) 2926 | -10/Mines | Entered Materials 2926 | -9/Materials | Evolved 2 slots: Utility x2 3487 | -9/Materials | Discovered new exit (range 4) 3944 | -9/Materials | Learned location of 1 exit from Storage 3979 | -9/Materials | Discovered new exit (range 3) 4000 | -9/Materials | Learned Storage emergency access door positions 4046 | -9/Materials | Learned Storage trap positions 4082 | -9/Materials | Learned Storage garrison access intel 4106 | -9/Materials | Learned Storage emergency access door positions 4139 | -9/Materials | Identified exit to Storage 4139 | -9/Materials | Identified exit to Materials 4183 | -9/Materials | Learned Storage stockpile data 4436 | -9/Materials | Discovered new exit (range 12) 4995 | -9/Materials | Discovered new exit (range 11) 5285 | -9/Materials | Repaired Adv. Beam Cannon 5650 | -9/Materials | Discovered exit to Materials (range 3) 5726 | -9/Materials | First assault squad dispatched 6050 | -9/Materials | Entered Mines 6134 | -9/Mines | Discovered exit to Materials (range 10) 6140 | -9/Mines | Met a Derelict bent on vengeance 6453 | -9/Mines | Assembled infested the area 7418 | -9/Mines | Found a hidden stash of uninstalled traps 7533 | -9/Mines | Found DCF Scrap (12 items) 7552 | -9/Mines | Discovered exit to Materials (range 9) 7607 | -9/Mines | Deemed a non-threat by the Exiles lab entrance 7607 | -9/Mines | Discovered new exit (range 5) 7619 | -9/Mines | Entered Exiles 7696 | -9/Exiles | Met 8R-AWN 7751 | -9/Exiles | Met EX-HEX 7837 | -9/Exiles | Met EX-BIN 7882 | -9/Exiles | Met EX-DEC 7895 | -9/Exiles | Learned location of Zion (-6) 8024 | -9/Exiles | Visited The Gauntlet 8304 | -9/Exiles | Discovered new exit (range 14) 8343 | -9/Exiles | Entered Mines 8671 | -8/Mines | Discovered exit to Materials (range 12) 9065 | -8/Mines | Entered Materials 9065 | -8/Materials | Evolved 2 slots: Propulsion x2 9370 | -8/Materials | Build established: Scavenger-Mutant 9790 | -8/Materials | Discovered new exit (range 7) 10255 | -8/Materials | Repaired Lgt. Treads 10296 | -8/Materials | Repaired Lgt. Treads 10319 | -8/Materials | Discovered new exit (range 13) 11034 | -8/Materials | Repaired Lgt. Treads 11184 | -8/Materials | Learned Storage trap positions 11268 | -8/Materials | Learned location of Extension (-5) 11295 | -8/Materials | Learned location of 3 exits from Factory 11312 | -8/Materials | Learned location of 1 exit from Extension 11319 | -8/Materials | Learned Factory scanalyzer intel 11320 | -8/Materials | Learned 8 Factory zone layouts 11326 | -8/Materials | Learned 4 Factory zone layouts 11341 | -8/Materials | Identified exit to Factory 11368 | -8/Materials | Learned Storage emergency access door positions 11844 | -8/Materials | Entered Factory 11844 | -7/Factory | Evolved 2 slots: Utility x2 11845 | -7/Factory | Identified exit to Factory 11847 | -7/Factory | Loaded intel: 4 scanalyzer locations 12320 | -7/Factory | Identified exit to Lower Caves 12616 | -7/Factory | Garrison activated, responded to threat 12643 | -7/Factory | Build established: Hacker-Mutant 13190 | -7/Factory | Sucked down chute 13190 | -7/Factory | Entered Waste 13229 | -7/Waste | Spotted C-40 Crusher 13232 | -7/Waste | Build established: Scavenger-Mutant 13234 | -7/Waste | Spotted C-40 Crusher 13243 | -7/Waste | Spotted C-40 Crusher 13251 | -7/Waste | Crushed by Compactor (1 part destroyed, 2 dropped) 13254 | -7/Waste | Crushed by Compactor (1 part destroyed, 1 dropped) 13257 | -7/Waste | Crushed by Compactor (1 part destroyed, 1 dropped) 13258 | -7/Waste | Crushed by Compactor (1 part destroyed, 2 dropped) 13260 | -7/Waste | Crushed by Compactor (1 part destroyed, 1 dropped) 13261 | -7/Waste | Crushed by Compactor (1 part destroyed, 1 dropped) 13263 | -7/Waste | Destroyed C-40 Crusher 13272 | -7/Waste | Spotted C-40 Crusher 13291 | -7/Waste | Spotted C-40 Crusher 13296 | -7/Waste | Lost 7 parts (2p1n3u1w) 13368 | -7/Waste | Discovered new exit (range 13) 13432 | -7/Waste | Destroyed C-40 Crusher 13488 | -7/Waste | Destroyed C-40 Crusher 13519 | -7/Waste | Destroyed C-40 Crusher 13542 | -7/Waste | Build established: Mutant 13626 | -7/Waste | Warlord forces began an assault 13843 | -7/Waste | Self-destructed Last Messages --------------- 13617_ O5EVL4N5,VX=HS3>AI> 13645_ PC-SKN(m) fits Backup Plating III on Cogmind. 13670_ System corrupted: Matter fused (-7). 13745_ Dropped Backup Laser III. 13746_ System corrupted: Heat flow error (+218). 13749_ Dropped Backup Laser III. 13779_ System corrupted: Matter fused (-5). 13795_ System corrupted: Matter fused (-7). 13829_ Acquired Lgt. Treads. 13834_ Dropped Backup Power III. Map ----- +----------------------------------------------------+ | ?????????????????????????????????????????????????? | | ?????????????????????????????????????????????????? | | ?????????????????????????????????????????????????? | | ?????????????????????????????????????????????????? | | ?????????????????????????????????????????????????? | | ?????????????????????????????????????????????????? | | ?????????????????????????????????????????????????? | | ?????????????????????????????????????????????????? | | ?????????????????????##########??##########??##### | | ?????????????????????# #??# #??# | | ?????????????????????# #??# #??# | | ?????????????????????# #??# #??# | | ?????????????????????# #??# #??# | | ?????????????????????# #??# #??# ! | | ?????????????????????# #??# #??# | | ?????????????????????# #??# #??# | | ?????????????????????# #??# #??# | | ???????????????????????# #????### ###??### | | ?????????############??# #??????# #??????# | | ?????????# #??# #??????# #??????# | | ?????????# #??#! #??????# #??????# | | ?????????# #### ##?????# #??????# | | ?????????# d ##????# #?????## | | ?????????# *] ##????# #?????# | | ?????????# ss #????# #?????# | | ?????????# d !@ ##????# #?????# | | ?????????# ### m m #????# #?????## | | ?????????# ## s # #????# ##?????# | | ?????????# ### s # #???## ####### | | ?????????############?# ss ###???# ## | | ?????????????????????### g##????## ### # | | ?????????????????????# #?????# = | | ?????????????????????# g#?????# | | ?????????????????????# #?????# | | ?????????????????????# #?????## | | ?????????????????????### g#??????# ## | | ???????????????????????# g#??????# ###### # | | ???????????????????????# #??????# #????### | | ???????????????????????# g#??????# #??????# | | ?????????????????????### ######## #??????# | | ?????????????????????# #??????# | | ?????????????????????# #??????# | | ?????????????????????# #??????# | | ?????????????????????# #??????# | | ?????????????????????### ######## #??????# | | ???????????????????????# #??????# #??????# | | ???????????????????????# #??????# #??????# | | ???????????????????????# #??????# #??????# | | ?????????????????????###! ###????# #??????# | | ?????????????????????# #???? ?????? | +----------------------------------------------------+ Best States ------------- Heat Dissipation 75 Energy Generation 18 Energy Capacity 290 Matter Stores 300 Matter Capacity 300 Sight Range 16 Terrain Scan Density 10 Jamming Range 12 Armor Coverage 225 Propulsion Shielding 33 Evasion (%) 50 Core Analysis 9 Recoil Reduction 4 Offensive Hacking 20 Defensive Hacking 10 Authchip Count 1 Trap Extractor Capacity 4 Item Schematics ----------------- Huge Storage Unit | -9/Materials | Hacked Imp. Medium Armor Plating | -7/Factory | Hacked Imp. Field Recycling Unit | -7/Factory | Hacked Lrn. Proton Cannon | -7/Factory | Hacked Robot Schematics ------------------ None Fabricated ------------ Nothing Alien Tech Used ----------------- None Achievements -------------- None Challenges ------------ None Game ------ Seed AlloyTeleporterBuckler Manual? 0 Play Time 01:35:37 Cumulative 142.6 hours Start 2024.09.05 @ 12:40:46 End 2024.09.06 @ 22:58:07 Sessions 5 Manual Loads 0 Difficulty Rogue Special Mode None Game No. 85 Rogue 72 Adventurer 13 Explorer 0 Win Type - Total 2 Types 2/0/0/0/0/0/0/0/0 Lore% 51 Gallery% 62 Achievement% 53 Wizard Run 0 Options --------- Layout 2 ASCII 0 Keyboard 1 Movement Numpad Keybinds 0 Fullscreen 2 Font 16/Swanston Map View 55x47 Zoom Use 0% Tactical HUD 1 Map Filters NONE Filters NONE Steam 0 RUN: e895cc18-e6ac-455b-982a-b3d71260bbb8